 Dungeon Crawl Stone Soup version 0.29.1-13-g9f3cf754e1 (webtiles) character file.

Game seed: 1042906726305750431

35 javelincjr the Caller (level 3, 0/24 HPs)
             Began as a Demonspawn Summoner on Feb 7, 2023.
             Succumbed to an adder's poison
             ... on level 1 of the Dungeon.
             The game lasted 00:05:48 (1306 turns).

javelincjr the Caller (Demonspawn Summoner)         Turns: 1306, Time: 00:05:48

Health: 0/24       AC:  2    Str: 10    XL:     3   Next: 16%
Magic:  2/6        EV: 12    Int: 16    God:
Gold:   63         SH:  0    Dex: 15    Spells: 5/6 levels left

rFire   + . .      SeeInvis .   j - +0 dagger
rCold   + . .      Faith    .   (no shield)
rNeg    . . .      Spirit   .   a - +0 robe
rPois   +          Reflect  .   (no helmet)
rElec   +          Harm     .   (no cloak)
rCorr   +          Rampage  .   (no gloves)
Will    .....                   (no boots)
Stlth   +++.......              (no amulet)
HPRegen 0.08/turn               (no ring)
MPRegen 0.10/turn               (no ring)

@: lethally poisoned (0 -> -4), resistant
A: thin skeletal structure 1
a: no special abilities


You were on level 1 of the Dungeon.
You visited 1 branch of the dungeon, and saw 2 of its levels.

You collected 63 gold pieces.

Inventory:

Hand Weapons
 j - a +0 dagger (weapon)
Missiles
 c - 5 boomerangs
Armour
 a - a +0 robe (worn)
Scrolls
 d - a scroll of fog {unknown}
 e - a scroll of enchant armour {unknown}
 f - a scroll of identify {unknown}
Potions
 b - a potion of magic
 h - a potion of brilliance {unknown}
 i - 2 potions of curing {unknown}
 k - a potion of degeneration {unknown}


   Skills:
 + Level 0.1 Fighting
 + Level 2.1 Dodging
 + Level 1.8 Stealth
 + Level 2.4 Spellcasting
 + Level 4.5 Summonings


You had 5 spell levels left.
You knew the following spells:

 Your Spells              Type           Power      Damage    Failure   Level
a - Summon Small Mammal   Summ           64%        N/A       3%          1

Your spell library contained the following spells:

 Spells                   Type           Power      Damage    Failure   Level
 Call Imp                 Summ           16%        N/A       4%          2
 Call Canine Familiar     Summ           16%        N/A       9%          3
 Summon Guardian Golem    Hex/Summ       9%         N/A       24%         3
 Summon Lightning Spire   Summ/Air       9%         N/A       61%         4


Dungeon Overview and Level Annotations

Branches:
Dungeon (2/15)

Altars:
Xom


Innate Abilities, Weirdness & Mutations

You have a somewhat thin skeletal structure. (Dex +2, Stealth+)


Message History

You barely miss the adder.
The adder is moderately wounded.
Your bat hits the adder. The adder closely misses you.
Your quokka completely misses the adder.
You miss the adder.
The adder is moderately wounded.
Your bat barely misses the adder.
The adder completely misses you.
Your quokka completely misses the adder.
You barely miss the adder.
The adder is moderately wounded.
The adder barely misses you.
Your quokka misses the adder. The adder bites you.
You hit the adder.
The adder is severely wounded.
Your bat misses the adder.
Your quokka barely misses the adder.
The adder bites you.
Your quokka bites the adder.
You closely miss the adder.
The adder is severely wounded.
Your bat barely misses the adder.
The adder bites you.
You are lethally poisoned!
The adder poisons you!
Your quokka barely misses the adder.
You hit the adder but do no damage.
The adder is severely wounded.
You feel sick. The adder misses you.
Your bat hits the adder. Your quokka misses the adder.
The adder barely misses you.
You barely miss the adder.
The adder is severely wounded.
* * * LOW HITPOINT WARNING * * *
You feel sick.
Your quokka misses the adder. The adder bites you.
* * * LOW HITPOINT WARNING * * *
You hit the adder.
You kill the adder!
* * * LOW HITPOINT WARNING * * *
You feel sick.
You have reached level 3!
Your experience leads to an increase in your attributes!
Increase (S)trength, (I)ntelligence, or (D)exterity?
You feel stronger. x2
It was a potion of resistance.
You feel protected.
You die...

###### #....# #.##.# #.##.### ###
[.##.#.# #########.# .###.#P#
#### ######.........# ## #.#P#
#..## #..............### #.#.#
#...###rb.......(....... #.#.#
#.#...#@................
####.#####.......................
.....# #........................
###..# #####.##.............#...
#### #.....##.............#...
#######.....##.............#)..
#...........#######.########...
##..........# #..# #...
#..........### ##.## ###.


You could see a friendly quokka (summoned) and a friendly bat (summoned).

Vanquished Creatures
  An adder (D:1)
  A ball python (D:1)
  An endoplasm (D:1)
  A bat (D:1)
  A frilled lizard (D:1)
  2 kobolds (D:1)
  A rat (D:1)
8 creatures vanquished.

Vanquished Creatures (collateral kills)
  A worm (D:1)
  An endoplasm (D:1)
  A giant cockroach (D:1)
  A goblin (D:1)
  2 hobgoblins (D:1)
  2 ball pythons (D:1)
  A bat (D:1)
  A frilled lizard (D:1)
  3 kobolds (D:1)
  3 rats (D:1)
16 creatures vanquished.

Grand Total: 24 creatures vanquished

Notes
Turn   | Place    | Note
-------+----------+-------------------------------------------
     0 | D:1      | javelincjr the Demonspawn Summoner began the quest for the
                  | Orb.
     0 | D:1      | Reached XP level 1. HP: 13/13 MP: 3/3
   173 | D:1      | Gained mutation: You have a somewhat thin skeletal
                  | structure. (Dex +2, Stealth+) [demonic ancestry]
   173 | D:1      | Reached XP level 2. HP: 18/19 MP: 1/5
   964 | D:2      | Found a shimmering altar of Xom.
  1306 | D:1      | Reached XP level 3. HP: 1/24 MP: 2/6
  1306 | D:1      | Succumbed to an adder's poison

Illustrated notes

Levels and vault maps discovered:
D:1:      roderic_dead_forest, layout_rooms, serial_aquarium,
          aquarium_bridge_straight [aquarium_subvault_bridge,
          aquarium_subvault_window, aquarium_subvault_bridge,
          aquarium_subvault_wall], aquarium_window_corridor_3,
          aquarium_window_fake, aquarium_window_2, aquarium_view_2b,
          aquarium_pool_2
D:2:      layout_basic, basic_altar, uniq_natasha, uniq_terence

Skill      XL: |  1  2 |
---------------+-------+-----
Dodging        | 2 |  2.1
Fighting       | |  0.1
Stealth        | |  1.8
Spellcasting   | |  2.4
Summonings     | |  4.5

Action                   || total
-------------------------++-------
Melee: Club              ||    19
       Unarmed           ||     3
       Dagger            ||    15
 Cast: Summon Small Mamm ||    39
  Use: Potion            ||     1
 Stab: Sleeping          ||     1
Armor: Robe              ||    10
Dodge: Dodged            ||    26
